 Dungeon Crawl Stone Soup version 0.29-a0-668-g12ee2bf84d (webtiles) character file.

Game seed: 6447426321468218034

4 blackman the Sneak (level 1, -1/18 HPs)
             Began as a Human Delver on June 23, 2022.
             Splashed by a jelly's acid (5 damage)
             ... on level 5 of the Dungeon.
             The game lasted 00:00:37 (130 turns).

blackman the Sneak (Human Delver)                    Turns: 130, Time: 00:00:38

Health: -1/18      AC:  3    Str: 12    XL:     1   Next: 66%
Magic:  1/1        EV: 12    Int: 10    God:
Gold:   15         SH:  0    Dex: 14    Spells: 0/0 levels left

rFire   . . .      SeeInvis .   a - +0 spear
rCold   . . .      Faith    .   (no shield)
rNeg    . . .      Spirit   .   b - +0 leather armour
rPois   .          Reflect  .   (no helmet)
rElec   .          Harm     .   (no cloak)
rCorr   .          Rampage  .   (no gloves)
Will    .....                   (no boots)
Stlth   +++.......              (no amulet)
HPRegen 0.06/turn               (no ring)
MPRegen 0.07/turn               (no ring)

@: hasted, very quick
A: no striking features
a: no special abilities


You were on level 5 of the Dungeon.
You visited 1 branch of the dungeon, and saw 2 of its levels.

You collected 15 gold pieces.

Inventory:

Hand Weapons
 a - a +0 spear (weapon)
Armour
 b - a +0 leather armour (worn)
Wands
 g - a wand of digging (3)
Scrolls
 c - a scroll of fog
 d - a scroll of silence {unknown}
 e - a scroll of fear


   Skills:
 - Level 3.0 Fighting
 * Level 0.8(1.5) Axes
 + Level 2.1(2.2) Polearms
 - Level 2.0 Dodging
 - Level 5.0 Stealth


You couldn't memorise any spells.
You didn't know any spells.
Your spell library was empty.

Dungeon Overview and Level Annotations

Branches:
Dungeon (5/15)
 Temple: D:4-7

Altars:


Message History

The ball python hisses angrily.
You hear a shout! x2
You reach to attack!
You hit the orc.
The orc is moderately wounded.
The orc wizard gestures at you while chanting.
The magic dart hits you.
You hit the orc.
You kill the orc!
A kobold comes into view. It is wielding a +0 whip.
There is a stone staircase leading down here.
You climb downwards.
There is a stone staircase leading up here.
You hit the orc.
The orc is lightly wounded.
The orc misses you.
You hit the orc.
The orc is heavily wounded.
The orc completely misses you.
You hit the orc.
You kill the orc!
You see here a +1 dagger of flaming.
HP restored.
You see here a +1 dagger of flaming.
You now have 15 gold pieces.
A jelly, an adder and an orc priest come into view.
Unknown command. 3 orcs come into view.
Found a scroll labelled LAKHLU NUAKLOB.
The orc priest shouts!
The orc shouts!
You hear a shout! x2
The orc misses you. The orc barely misses you.
You hit the jelly.
Your hands burn!
The jelly is lightly wounded.
The orc barely misses you. The jelly closely misses you.
You feel yourself speed up. The jelly hits you but does no damage.
You hit the jelly.
Your hands burn!
The jelly is heavily wounded.
The orc barely misses you. The jelly hits you.
You are splashed with acid!
* * * LOW HITPOINT WARNING * * *
You hit the jelly.
Your hands burn!
You die...

*,************,..........#
*,* **########)<. *,*
#############.## *,*
#.............# *,*
##.############# *,*
##.#.#### *,*
#.###...#****##### *,*
#oo#.##.....S..... *,*
#@#.#***########## *,**
#J#.#*****
*,,*****#.o,o,,,,*
**<,,,,,,.....o**,* ****##
*,,,,,,,,..#.#.#*,* *,,,..
**,,,,**##.#.#.#*,* *,**##
*,,,,* #.#..*,,,** *,*
*,,,,* #.#,..,,,,***,**
*****,*,*
*,<,,,,,,,,,,,,**


You could see a jelly, an orc priest and 2 orcs.

Vanquished Creatures
  2 orcs
2 creatures vanquished.

Notes
Turn   | Place    | Note
-------+----------+-------------------------------------------
     0 | D:5      | blackman the Human Delver began the quest for the Orb.
     0 | D:5      | Reached XP level 1. HP: 18/18 MP: 1/1
    53 | D:4      | Noticed an orc wizard
   120 | D:5      | Noticed a jelly
   120 | D:5      | Noticed an orc priest
   130 | D:5      | Splashed by a jelly's acid

Illustrated notes

Levels and vault maps discovered:
D:4:      layout_gridville, lightli_temple_of_fire, temple_green,
          gup_sewer_entry_bowl, ebering_ghost_rock_garden
D:5:      layout_loops_ring, kennysheep_cluttered_room, uniq_duvessa

Action                   || total
-------------------------++-------
Melee: Spear             ||     8
  Use: Scroll            ||     1
       Potion            ||     1
Armor: Leather armour    ||     1
Dodge: Dodged            ||     7

Table legend: (Time is in decaauts)
 A = Elapsed time spent in this place.
 B = Non-inter-level travel time spent in this place.
 C = Inter-level travel time spent in this place.
 D = Time resting spent in this place.
 E = Time spent auto-exploring this place.
 F = Levels seen in this place.
 G = Mean time per level.
                   A        B        C        D        E       F      G
               +--------+--------+--------+--------+--------+-----+--------+
         Total |    129 |     97 |     32 |      0 |     73 |   2 |   64.5 |
       Dungeon |    129 |     97 |     32 |      0 |     73 |   2 |   64.5 |
               +--------+--------+--------+--------+--------+-----+--------+

Top non-repeatable levels by time:
     D:5: 122 daAuts
     D:4: 7 daAuts
